[Event "ICCopen2017"]
[Site "Internet Chess Club"]
[Date "2017.03.25"]
[Round "10"]
[White "chalimo77"]
[Black "beaupre"]
[Result "0-1"]
[ICCResult "White checkmated"]
[WhiteElo "1577"]
[BlackElo "1771"]
[Opening "King's Indian, 3.Nf3"]
[ECO "E61"]
[NIC "KI.76"]
[Time "16:02:22"]
[TimeControl "180+0"]

1. d4 Nf6 2. Nf3 g6 3. c4 Bg7 4. Nc3 d6 5. e3 O-O 6. Be2 Nc6 7. O-O a5 8. a3
b6 9. d5 Nb8 10. Nb5 Nbd7 11. Bd2 Ba6 12. a4 Nc5 13. Nfd4 e5 14. Nc6 Qd7 15.
h3 Bc8 16. f3 Bb7 17. e4 Qe8 18. Nxc7 Qd7 19. Nxa8 Bxa8 20. b4 Na6 21. b5
Nc5 22. Qc2 Nh5 23. Be3 Bb7 24. Bf2 Bc8 25. g4 Nf4 26. Bg3 Nxh3+ 27. Kh2 Nf4
28. Bxf4 exf4 29. Rab1 Qe8 30. Rh1 f5 31. gxf5 gxf5 32. Kg1 fxe4 33. fxe4 f3
34. Bf1 f2+ 35. Qxf2 Rxf2 36. Kxf2 Qxe4 37. Rg1 Qxb1 38. Ne7+ Kh8 39. Nxc8
Qf5+ 40. Ke1 Bc3+ 41. Ke2 Qd3+ 42. Kf2 Ne4+ 43. Kg2 Qg3+ 44. Kh1 Nf2#
{White checkmated}
0-1

[Event "ICCopen2017"]
[Site "Internet Chess Club"]
[Date "2017.03.25"]
[Round "11"]
[White "AlonzoMosely"]
[Black "eltigrecu"]
[Result "0-1"]
[ICCResult "White checkmated"]
[WhiteElo "2177"]
[BlackElo "1932"]
[Opening "Sicilian: Pelikan (Lasker/Sveshnikov) variation"]
[ECO "B33"]
[NIC "SI.35"]
[Time "16:08:49"]
[TimeControl "180+0"]

1. e4 c5 2. Nf3 Nc6 3. d4 cxd4 4. Nxd4 Nf6 5. Nc3 e5 6. Nde2 Bb4 7. a3 Ba5
8. Bg5 O-O 9. g3 Nd4 10. b4 Nf3# {White checkmated} 0-1

[Event "ICCopen2017"]
[Site "Internet Chess Club"]
[Date "2017.03.25"]
[Round "11"]
[White "tdimarco"]
[Black "nmd"]
[Result "0-1"]
[ICCResult "White checkmated"]
[WhiteElo "1273"]
[BlackElo "1559"]
[Opening "Sicilian defense"]
[ECO "B33"]
[NIC "SI.32"]
[Time "16:09:38"]
[TimeControl "180+0"]

1. e4 c5 2. Nf3 Nc6 3. d4 cxd4 4. Nxd4 Nf6 5. f3 e6 6. a3 a6 7. Nc3 Qc7 8.
Be3 b5 9. Qd2 Bb7 10. O-O-O Ne5 11. Bg5 Nc4 12. Qe2 Nxa3 13. Bxf6 gxf6 14.
bxa3 Qxc3 15. Qd3 Bxa3+ 16. Kb1 Qb2# {White checkmated} 0-1

[Event "ICCopen2017"]
[Site "Internet Chess Club"]
[Date "2017.03.25"]
[Round "11"]
[White "geom"]
[Black "PerlHackr"]
[Result "1-0"]
[ICCResult "Black resigns"]
[WhiteElo "1596"]
[BlackElo "1436"]
[Opening "Caro-Kann: advance variation"]
[ECO "B12"]
[NIC "CK.04"]
[Time "16:09:24"]
[TimeControl "180+0"]

1. e4 c6 2. d4 d5 3. e5 Bf5 4. Nf3 e6 5. Be2 Nd7 6. O-O c5 7. c4 Nb6 8. Nc3
cxd4 9. Nxd4 Bg6 10. cxd5 Nxd5 11. Bb5+ Ke7 12. b3 a6 13. Ba3+ {Black
resigns} 1-0

[Event "ICCopen2017"]
[Site "Internet Chess Club"]
[Date "2017.03.25"]
[Round "11"]
[White "GYMEJR"]
[Black "morphy-1857"]
[Result "0-1"]
[ICCResult "White resigns"]
[WhiteElo "1568"]
[BlackElo "2160"]
[Opening "Queen's pawn: London system"]
[ECO "A45"]
[NIC "QP.07"]
[Time "16:09:33"]
[TimeControl "180+0"]

1. d4 Nf6 2. Bf4 d6 3. e3 g6 4. c3 Bg7 5. Nf3 O-O 6. Bd3 Nbd7 7. Nbd2 b6 8.
h3 Bb7 9. Bh2 Qe8 10. O-O e5 11. dxe5 Nxe5 12. Nxe5 dxe5 13. e4 Rd8 14. Qc2
Qd7 15. Ba6 Bxa6 16. Rfd1 Be2 {White resigns} 0-1

[Event "ICCopen2017"]
[Site "Internet Chess Club"]
[Date "2017.03.25"]
[Round "11"]
[White "BeerMeUpScotty"]
[Black "presbyter4"]
[Result "0-1"]
[ICCResult "White resigns"]
[WhiteElo "1563"]
[BlackElo "1815"]
[Opening "Scandinavian (center counter) defense"]
[ECO "B01"]
[NIC "SD.01"]
[Time "16:09:30"]
[TimeControl "180+0"]

1. e4 d5 2. exd5 Qxd5 3. Nc3 Qa5 4. d4 Nf6 5. Nf3 Bg4 6. Bc4 Nc6 7. Bb3
O-O-O 8. Be3 e5 9. d5 e4 10. h3 Bh5 11. g4 Nxg4 12. hxg4 Bxg4 13. Rg1 Bxf3
14. Qd2 Bb4 15. Rxg7 Rxd5 16. Qxd5 Bxc3+ 17. bxc3 Qxc3+ 18. Qd2 Qxa1+ 19.
Qc1 Qxg7 20. Kd2 Rd8+ {White resigns} 0-1

[Event "ICCopen2017"]
[Site "Internet Chess Club"]
[Date "2017.03.25"]
[Round "11"]
[White "VrloJakMK"]
[Black "stin"]
[Result "1-0"]
[ICCResult "Black resigns"]
[WhiteElo "2030"]
[BlackElo "1898"]
[Opening "Nimzo-Indian: e3, Hübner variation"]
[ECO "E40"]
[NIC "NI.14"]
[Time "16:08:59"]
[TimeControl "180+0"]

1. d4 Nf6 2. c4 e6 3. Nc3 Bb4 4. e3 Bxc3+ 5. bxc3 c5 6. Bd3 d6 7. Nf3 Nc6 8.
e4 e5 9. d5 Na5 10. Nd2 b6 11. Nf1 O-O 12. Ne3 h6 13. O-O Nh7 14. f4 exf4
15. Rxf4 Qe7 16. Qf3 Bd7 17. Bd2 Rae8 18. Rf1 f6 19. h4 g5 20. Rf5 Qg7 21.
Qg3 Re5 22. Rxe5 fxe5 23. Nf5 Bxf5 24. exf5 Rf6 25. hxg5 Nxg5 26. Qg4 Nf7
27. Qh5 Kh7 28. Rf3 Ng5 29. Rg3 Qf7 30. Rxg5 Qxh5 31. Rxh5 Kg7 32. g4
{Black resigns}
1-0

[Event "ICCopen2017"]
[Site "Internet Chess Club"]
[Date "2017.03.25"]
[Round "11"]
[White "bythebook"]
[Black "Knight-Rookie"]
[Result "1-0"]
[ICCResult "Black resigns"]
[WhiteElo "1490"]
[BlackElo "1250"]
[Opening "French: King's Indian attack"]
[ECO "C00"]
[NIC "FR.02"]
[Time "16:10:14"]
[TimeControl "180+0"]

1. e4 e6 2. d3 d6 3. Nd2 Ne7 4. Ngf3 g6 5. g3 Bg7 6. Bg2 b6 7. O-O Bb7 8. c3
Nd7 9. Qc2 O-O 10. Re1 Rc8 11. Nf1 c5 12. Ne3 a6 13. h4 b5 14. Ng4 Nc6 15.
Bh6 Qe7 16. Qd2 f6 17. d4 cxd4 18. cxd4 Nb6 19. b3 Rcd8 20. Rac1 d5 21. e5
f5 22. Bg5 Qf7 23. Bxd8 Rxd8 24. Ne3 Qd7 25. Rc2 a5 26. Rec1 Nb4 27. Rc7 Qe8
28. Rxb7 {Black resigns} 1-0

[Event "ICCopen2017"]
[Site "Internet Chess Club"]
[Date "2017.03.25"]
[Round "11"]
[White "herbyeddy"]
[Black "StaggerLee"]
[Result "0-1"]
[ICCResult "White checkmated"]
[WhiteElo "1487"]
[BlackElo "1396"]
[Opening "two knights defense: Wilkes Barre (Traxler) variation"]
[ECO "C57"]
[NIC "KP.01"]
[Time "16:10:16"]
[TimeControl "180+0"]

1. e4 e5 2. Nf3 Nc6 3. Bc4 Nf6 4. Ng5 Bc5 5. Bxf7+ Ke7 6. Bd5 d6 7. Nf7 Qf8
8. Nxh8 Bxf2+ 9. Kf1 Bg4 10. Kxf2 Nxe4+ 11. Ke3 Bxd1 12. Bxe4 Qf4+ 13. Kd3
Nb4+ 14. Kc3 Qxe4 15. d3 Nd5+ 16. Kd2 Qe2# {White checkmated} 0-1

[Event "ICCopen2017"]
[Site "Internet Chess Club"]
[Date "2017.03.25"]
[Round "11"]
[White "motipen"]
[Black "Dupinpon"]
[Result "0-1"]
[ICCResult "White resigns"]
[WhiteElo "1768"]
[BlackElo "1640"]
[Opening "Benoni: four pawns attack, main line"]
[ECO "A69"]
[NIC "BI.02"]
[Time "16:10:07"]
[TimeControl "180+0"]

1. d4 Nf6 2. c4 g6 3. Nc3 Bg7 4. e4 d6 5. f4 O-O 6. Nf3 c5 7. d5 e6 8. Be2
exd5 9. cxd5 Re8 10. Nd2 a6 11. a4 Nbd7 12. O-O b6 13. Re1 Rb8 14. Bc4 b5
15. axb5 Nb6 16. Bf1 axb5 17. Bxb5 Bg4 18. Qc2 Nbxd5 19. Bxe8 Qxe8 20. Nxd5
Nxd5 21. Nc4 Nb4 22. Qd1 Bd4+ 23. Kh1 Bxd1 {White resigns} 0-1

[Event "ICCopen2017"]
[Site "Internet Chess Club"]
[Date "2017.03.25"]
[Round "11"]
[White "beaupre"]
[Black "Chamanx"]
[Result "1-0"]
[ICCResult "Black checkmated"]
[WhiteElo "1777"]
[BlackElo "1521"]
[Opening "Ruy Lopez: Marshall counter-attack"]
[ECO "C89"]
[NIC "RL.17"]
[Time "16:10:24"]
[TimeControl "180+0"]

1. e4 e5 2. Nf3 Nc6 3. Bb5 a6 4. Ba4 Nf6 5. O-O b5 6. Bb3 Be7 7. Re1 O-O 8.
c3 d5 9. exd5 Nxd5 10. Nxe5 Nxe5 11. Rxe5 Nf6 12. d4 Bd6 13. Re1 Ng4 14. h3
Qh4 15. Qf3 Nxf2 16. Qxf2 Bg3 17. Qxf7+ Rxf7 18. Re8# {Black checkmated} 1-0

[Event "ICCopen2017"]
[Site "Internet Chess Club"]
[Date "2017.03.25"]
[Round "11"]
[White "Teoretik"]
[Black "vicmel"]
[Result "0-1"]
[ICCResult "White checkmated"]
[WhiteElo "1688"]
[BlackElo "1811"]
[Opening "Sicilian: Nimzovich-Rubinstein variation"]
[ECO "B29"]
[NIC "SI.43"]
[Time "16:08:50"]
[TimeControl "180+0"]

1. e4 c5 2. Nf3 Nf6 3. Nc3 Nc6 4. d4 d5 5. exd5 Nxd5 6. Bc4 Nxc3 7. bxc3 e6
8. Bb2 Be7 9. O-O O-O 10. Qe2 Qc7 11. Rad1 b6 12. Rfe1 Bb7 13. d5 exd5 14.
Bxd5 Bf6 15. Qc4 Na5 16. Qd3 Bxd5 17. Qxd5 Rad8 18. Qf5 Nc4 19. Ba1 Rxd1 20.
Rxd1 Rd8 21. Rxd8+ Qxd8 22. g3 g6 23. Qf4 Na3 24. Bb2 Nxc2 25. Qe4 Qd1+ 26.
Kg2 Kg7 27. Qb7 Qe2 28. Qxa7 Ne3+ 29. Kh3 Qf1# {White checkmated} 0-1

[Event "ICCopen2017"]
[Site "Internet Chess Club"]
[Date "2017.03.25"]
[Round "11"]
[White "WhiteMoon"]
[Black "RdgMx"]
[Result "1-0"]
[ICCResult "Black resigns"]
[WhiteElo "2043"]
[BlackElo "1845"]
[Opening "QGD: 4.Nf3"]
[ECO "D37"]
[NIC "QO.17"]
[Time "16:09:27"]
[TimeControl "180+0"]

1. d4 e6 2. Nf3 d5 3. c4 Nf6 4. Nc3 Be7 5. Bg5 c6 6. e3 O-O 7. Bd3 Nbd7 8.
O-O b6 9. Qe2 Bb7 10. e4 dxe4 11. Nxe4 c5 12. d5 exd5 13. cxd5 Bxd5 14. Rad1
Qc7 15. Nxf6+ Nxf6 16. Bxf6 Bxf3 17. Qxf3 Bxf6 18. Qf5 Rfe8 19. Qxh7+ Kf8
20. Qh8+ Ke7 21. Rfe1+ Kd8 22. Bb5+ Kc8 23. Rxe8+ Kb7 24. Rxa8 {Black
resigns} 1-0

[Event "ICCopen2017"]
[Site "Internet Chess Club"]
[Date "2017.03.25"]
[Round "11"]
[White "Spirals"]
[Black "FytinFrank"]
[Result "1-0"]
[ICCResult "Black resigns"]
[WhiteElo "2192"]
[BlackElo "1854"]
[Opening "Caro-Kann defense"]
[ECO "B11"]
[NIC "CK.01"]
[Time "16:09:40"]
[TimeControl "180+0"]

1. e4 c6 2. Nc3 g6 3. Nf3 d5 4. d4 Bg4 5. e5 e6 6. Be2 c5 7. h3 Bxf3 8. Bxf3
cxd4 9. Qxd4 Nc6 10. Qa4 Bg7 11. Bf4 Ne7 12. O-O O-O 13. Rfe1 h6 14. Rad1 g5
15. Bh2 Ng6 16. Qb3 b6 17. Nxd5 exd5 18. Bxd5 Qc8 19. e6 Na5 20. exf7+ Kh8
21. Qd3 Nf4 22. Bxf4 gxf4 23. Qg6 Rb8 24. Be4 {Black resigns} 1-0

[Event "ICCopen2017"]
[Site "Internet Chess Club"]
[Date "2017.03.25"]
[Round "11"]
[White "onti"]
[Black "skewerd"]
[Result "0-1"]
[ICCResult "White checkmated"]
[WhiteElo "1358"]
[BlackElo "1823"]
[Opening "Sicilian: Grand Prix attack"]
[ECO "B21"]
[NIC "SI.48"]
[Time "16:09:15"]
[TimeControl "180+0"]

1. e4 c5 2. f4 d5 3. exd5 Nf6 4. Nf3 Nxd5 5. d4 cxd4 6. Qxd4 e6 7. c4 Nb4 8.
Qxd8+ Kxd8 9. Na3 N8c6 10. Bd2 Bc5 11. Ne5 Nxe5 12. fxe5 Bd7 13. Be2 a6 14.
Bc3 Kc7 15. Kd2 Bc6 16. Ke1 g6 17. Bxb4 Bxb4+ 18. Kf2 Bc5+ 19. Kf1 Rad8 20.
Nc2 Rd2 21. b4 Bxg2+ 22. Kxg2 Rxe2+ 23. Kf3 Rxc2 24. bxc5 Rxc4 25. Rac1 Rxc1
26. Rxc1 Rd8 27. Ke4 Rd5 28. a4 Kc6 29. Rc4 Rxc5 30. Kd4 Rxc4+ 31. Kxc4 b5+
32. axb5+ axb5+ 33. Kd4 g5 34. h3 h5 35. Ke4 b4 36. Kd4 g4 37. hxg4 hxg4 38.
Ke4 b3 39. Kf4 b2 40. Kxg4 b1=Q 41. Kg5 Qf5+ 42. Kh6 Qg6# {White checkmated}
0-1

[Event "ICCopen2017"]
[Site "Internet Chess Club"]
[Date "2017.03.25"]
[Round "11"]
[White "Cool-Defender"]
[Black "Ticktockman"]
[Result "1-0"]
[ICCResult "Black checkmated"]
[WhiteElo "1537"]
[BlackElo "1102"]
[Opening "Queen's pawn game"]
[ECO "D02"]
[NIC "QP.09"]
[Time "16:09:16"]
[TimeControl "180+0"]

1. Nf3 d5 2. d4 e6 3. b3 Nf6 4. Bb2 g6 5. Nbd2 Bg7 6. g3 Nbd7 7. Bg2 O-O 8.
O-O c5 9. e3 cxd4 10. exd4 b6 11. Re1 a5 12. a3 Ba6 13. Ne5 Bb7 14. c4 Qc8
15. Rc1 Qb8 16. Qe2 dxc4 17. Bxb7 Ra7 18. Bg2 b5 19. bxc4 bxc4 20. Ndxc4 Nb6
21. Nxb6 Qxb6 22. Nc6 Rc7 23. Ne5 Rxc1 24. Rxc1 Qb8 25. g4 Qb3 26. g5 Nd5
27. Bxd5 exd5 28. Rc3 Qb8 29. Nd7 Qe8 30. Qxe8 Rxe8 31. Nf6+ Bxf6 32. gxf6
Re1+ 33. Kg2 Rb1 34. Rc8# {Black checkmated} 1-0

[Event "ICCopen2017"]
[Site "Internet Chess Club"]
[Date "2017.03.25"]
[Round "11"]
[White "bobbyforever"]
[Black "sloeber84"]
[Result "1-0"]
[ICCResult "Black resigns"]
[WhiteElo "1627"]
[BlackElo "1888"]
[Opening "Sicilian: accelerated fianchetto, modern variation"]
[ECO "B34"]
[NIC "SI.33"]
[Time "16:09:54"]
[TimeControl "180+0"]

1. d4 c5 2. Nf3 cxd4 3. Nxd4 Nc6 4. e4 g6 5. Nc3 Bg7 6. Be3 Nf6 7. Nxc6 bxc6
8. e5 Ng8 9. Bd4 Rb8 10. Bc4 Qa5 11. e6 f6 12. exd7+ Bxd7 13. Bb3 Nh6 14.
O-O Nf5 15. Re1 Nxd4 16. Qxd4 Rb4 17. Qd6 e5 18. Rad1 Bg4 19. f3 Qb6+ 20.
Kh1 Bc8 21. a3 Rd4 22. Rxd4 Qxd4 23. Qxd4 {Black resigns} 1-0

[Event "ICCopen2017"]
[Site "Internet Chess Club"]
[Date "2017.03.25"]
[Round "11"]
[White "Soulbrother"]
[Black "fisherino"]
[Result "0-1"]
[ICCResult "White checkmated"]
[WhiteElo "1393"]
[BlackElo "1609"]
[Opening "Sicilian defense"]
[ECO "B20"]
[NIC "SI.48"]
[Time "16:09:42"]
[TimeControl "180+0"]

1. e4 c5 2. d3 Nc6 3. Nf3 d6 4. Be2 g6 5. O-O Bg7 6. c3 Nf6 7. Be3 b6 8.
Nbd2 O-O 9. Qc2 Ng4 10. Rad1 Nxe3 11. fxe3 e5 12. Rfe1 f5 13. exf5 Bxf5 14.
e4 Be6 15. Nf1 Qe7 16. Ne3 Rad8 17. Nd5 Bxd5 18. exd5 Nb8 19. c4 Nd7 20. Nd2
Nf6 21. Ne4 Nxe4 22. dxe4 Bh6 23. Bg4 Kh8 24. Rf1 Be3+ 25. Kh1 Rf4 26. Be6
Rdf8 27. Rxf4 Rxf4 28. Qe2 Bd4 29. Rf1 Qf6 30. Rxf4 Qxf4 31. h3 Qc1+ 32. Kh2
Bg1+ 33. Kg3 Qf4# {White checkmated} 0-1

[Event "ICCopen2017"]
[Site "Internet Chess Club"]
[Date "2017.03.25"]
[Round "11"]
[White "ehkopean"]
[Black "arshavin2015"]
[Result "0-1"]
[ICCResult "White resigns"]
[WhiteElo "1752"]
[BlackElo "1964"]
[Opening "Robatsch (modern) defense"]
[ECO "B06"]
[NIC "KF.05"]
[Time "16:09:10"]
[TimeControl "180+0"]

1. e4 g6 2. d4 Bg7 3. c3 d5 4. exd5 Qxd5 5. h3 Nf6 6. Nf3 c6 7. Nbd2 Qa5 8.
Nb3 Qc7 9. Bg5 a5 10. Bd3 a4 11. Nc5 a3 12. b3 b6 13. Ne4 Nbd7 14. O-O O-O
15. Re1 Re8 16. Ne5 Bb7 17. Nxd7 Nxd7 18. Ng3 Nf6 19. h4 h5 20. Bc4 b5 21.
Bd3 Rad8 22. Qc2 e5 23. Rad1 exd4 24. Rxe8+ Rxe8 25. cxd4 Qd7 26. Qc3 Nd5
27. Qc5 Bf8 28. Qa7 Ra8 29. Ne4 Rxa7 {White resigns} 0-1

[Event "ICCopen2017"]
[Site "Internet Chess Club"]
[Date "2017.03.25"]
[Round "11"]
[White "oscarshe"]
[Black "Norgeman"]
[Result "0-1"]
[ICCResult "White resigns"]
[WhiteElo "1379"]
[BlackElo "1524"]
[Opening "QGD semi-Slav: accelerated Meran (Alekhine variation)"]
[ECO "D45"]
[NIC "SL.08"]
[Time "16:10:03"]
[TimeControl "180+0"]

1. d4 c6 2. c4 d5 3. Nf3 e6 4. e3 Nf6 5. Nc3 a6 6. Bd3 dxc4 7. Bxc4 b5 8.
Bd3 Bb7 9. a3 c5 10. dxc5 Bxc5 11. b4 Bd6 12. Bb2 O-O 13. O-O Qe7 14. e4 Nc6
15. Qe2 Ne5 16. Nxe5 Bxe5 17. Rac1 Rac8 18. h3 Rc7 19. Kh1 Rfc8 20. Na2 Bxb2
21. Qxb2 Nxe4 22. Qe5 Rxc1 23. Rxc1 Nxf2+ 24. Kg1 Nxd3 25. Rd1 Nxe5
{White resigns}
0-1

[Event "ICCopen2017"]
[Site "Internet Chess Club"]
[Date "2017.03.25"]
[Round "11"]
[White "jefferyx"]
[Black "ArchieGoodwin"]
[Result "1-0"]
[ICCResult "Black resigns"]
[WhiteElo "2775"]
[BlackElo "2557"]
[Opening "Queen's pawn, Mason variation"]
[ECO "D00"]
[NIC "QP.08"]
[Time "16:08:59"]
[TimeControl "180+0"]

1. d4 d5 2. Bf4 Nf6 3. e3 c5 4. dxc5 Nc6 5. Bb5 e6 6. b4 a5 7. c3 Be7 8. Nf3
O-O 9. Bxc6 bxc6 10. Nd4 Bb7 11. O-O Nd7 12. Bg3 g6 13. Nd2 e5 14. N4b3 a4
15. Na5 Rxa5 16. bxa5 Ba6 17. c4 dxc4 18. Ne4 f5 19. Nc3 Nxc5 20. Bxe5 Nd3
21. Bg3 Bf6 22. Nxa4 Qxa5 23. Rb1 Bb5 24. Nb6 Qxb6 25. a4 Qc5 26. axb5 cxb5
27. Qc2 b4 28. Rfd1 Rd8 29. h4 h5 30. Qa4 c3 31. Qa6 Kg7 32. Rxd3 c2 33. Rc1
b3 34. Rxd8 b2 35. Rd7+ Kh6 36. Bf4+ {Black resigns} 1-0

[Event "ICCopen2017"]
[Site "Internet Chess Club"]
[Date "2017.03.25"]
[Round "11"]
[White "Jesus"]
[Black "Renos"]
[Result "0-1"]
[ICCResult "White resigns"]
[WhiteElo "1839"]
[BlackElo "1736"]
[Opening "French: Tarrasch, open variation"]
[ECO "C07"]
[NIC "FR.18"]
[Time "16:10:18"]
[TimeControl "180+0"]

1. e4 e6 2. d4 d5 3. Nd2 c5 4. dxc5 Bxc5 5. Nb3 Bb6 6. exd5 exd5 7. Nf3 Nf6
8. h3 O-O 9. Bd3 Re8+ 10. Kf1 Nc6 11. Bg5 Qd6 12. c3 Ne4 13. Bxe4 Rxe4 14.
Bh4 Bf5 15. Bg3 Qd7 16. Nfd4 Nxd4 17. cxd4 Rae8 18. f3 Re2 19. Kg1 Rxb2 20.
Kh2 Ree2 21. Rg1 Bxh3 {White resigns} 0-1

[Event "ICCopen2017"]
[Site "Internet Chess Club"]
[Date "2017.03.25"]
[Round "11"]
[White "jps7"]
[Black "shirovinster"]
[Result "0-1"]
[ICCResult "White checkmated"]
[WhiteElo "1548"]
[BlackElo "1799"]
[Opening "Queen's pawn game"]
[ECO "A46"]
[NIC "QP.06"]
[Time "16:09:00"]
[TimeControl "180+0"]

1. d4 Nf6 2. Nf3 c5 3. e3 g6 4. Bd3 Bg7 5. O-O O-O 6. b3 b6 7. Bb2 Bb7 8.
Nbd2 d6 9. c4 Nbd7 10. Qc2 e5 11. d5 Qe7 12. Ne4 Nxe4 13. Bxe4 f5 14. Bd3 e4
15. Bxg7 Kxg7 16. Qc3+ Qf6 17. Qxf6+ Nxf6 18. Ng5 exd3 19. Ne6+ Kf7 20. Nxf8
Rxf8 21. Rad1 Re8 22. Rxd3 b5 23. Rb1 Re4 24. f3 Re7 25. Kf2 g5 26. g3 a6
27. cxb5 axb5 28. Rbd1 Re5 29. f4 gxf4 30. exf4 Rxd5 31. Rxd5 Nxd5 32. a4
bxa4 33. bxa4 c4 34. a5 Ke6 35. Rc1 c3 36. Ke2 Ba6+ 37. Kf3 Bd3 38. h3 Be4+
39. Kf2 c2 40. a6 Nb4 41. a7 Nd3+ 42. Ke3 Nxc1 43. Kd2 Nb3+ 44. Kc3 c1=Q+
45. Kxb3 Qb1+ 46. Kc3 Qb7 47. Kd4 Qxa7+ 48. Kc3 Qf2 49. g4 Qxf4 50. gxf5+
Bxf5 51. h4 Qxh4 52. Kd2 Qd4+ 53. Ke1 Qb2 54. Kd1 Bg4+ 55. Ke1 Qe2#
{White checkmated}
0-1

[Event "ICCopen2017"]
[Site "Internet Chess Club"]
[Date "2017.03.25"]
[Round "11"]
[White "Baltimora"]
[Black "BryanL"]
[Result "1/2-1/2"]
[ICCResult "Game drawn by mutual agreement"]
[WhiteElo "2213"]
[BlackElo "1981"]
[Opening "Neo-Grünfeld, 6.cd Nxd5, 7.O-O"]
[ECO "D74"]
[NIC "KI.80"]
[Time "16:09:25"]
[TimeControl "180+0"]

1. d4 Nf6 2. c4 g6 3. g3 Bg7 4. Bg2 d5 5. cxd5 Nxd5 6. Nf3 O-O 7. O-O c6 8.
b3 Nd7 9. Bb2 Re8 10. Nbd2 e5 11. dxe5 Nxe5 12. Nxe5 Bxe5 13. Bxe5 Rxe5 14.
Nc4 Re8 15. e4 Nc3 16. Qc2 Nb5 17. Rad1 Qe7 18. a4 Nc7 19. f4 Bg4 20. Bf3
Bxf3 21. Rxf3 Rad8 22. Rfd3 Ne6 23. Qf2 b6 24. e5 Rxd3 25. Rxd3 Rd8 26.
Rxd8+ Nxd8 27. Nd6 Nb7 28. Qd2 Nc5 29. Qc3 Qe6 30. b4 Nxa4 31. Qxc6 Qb3 32.
Qe8+ Kg7 33. Qe7 Qd1+ 34. Kg2 Qe2+ 35. Kh3 Qh5+ 36. Kg2 Qe2+ 37. Kg1
{Game drawn by mutual agreement}
1/2-1/2

[Event "ICCopen2017"]
[Site "Internet Chess Club"]
[Date "2017.03.25"]
[Round "11"]
[White "Gruble"]
[Black "GrandPatzer5"]
[Result "0-1"]
[ICCResult "White resigns"]
[WhiteElo "1728"]
[BlackElo "1891"]
[Opening "Sicilian: accelerated fianchetto, modern variation with Bc4"]
[ECO "B35"]
[NIC "KF.05"]
[Time "16:09:09"]
[TimeControl "180+0"]

1. e4 g6 2. d4 Bg7 3. Nc3 c5 4. Nf3 cxd4 5. Nxd4 Nc6 6. Be3 Nf6 7. Bc4 O-O
8. O-O a5 9. a4 Nxe4 10. Nxe4 d5 11. Nxc6 bxc6 12. Bb3 dxe4 13. Qxd8 Rxd8
14. Rad1 Bg4 15. Rxd8+ Rxd8 16. Bb6 Rd2 17. Bxa5 Re2 18. h3 Bf5 19. Re1
Rxe1+ 20. Bxe1 Bxb2 21. a5 Bd4 22. a6 Kf8 23. Bd2 Bc8 24. Bc4 Ke8 25. Be3 e5
26. Bxd4 exd4 27. a7 Bb7 28. Kf1 f5 29. Ke2 Ke7 30. f3 Kd6 31. fxe4 fxe4 32.
h4 Ke5 33. g3 h6 34. Bf7 g5 35. hxg5 hxg5 36. Kd2 Kd6 37. c3 c5 38. cxd4
cxd4 39. Bc4 Kc7 {White resigns} 0-1

[Event "ICCopen2017"]
[Site "Internet Chess Club"]
[Date "2017.03.25"]
[Round "11"]
[White "Kastor"]
[Black "DroolingBaby"]
[Result "0-1"]
[ICCResult "White resigns"]
[WhiteElo "2756"]
[BlackElo "2352"]
[Opening "KP: Nimzovich defense"]
[ECO "B00"]
[NIC "VO.05"]
[Time "16:10:00"]
[TimeControl "180+0"]

1. e4 Nc6 2. Nf3 d6 3. Bb5 a6 4. Bxc6+ bxc6 5. O-O e6 6. c4 Nf6 7. Nc3 Be7
8. d4 O-O 9. Qe2 Bb7 10. e5 Nd7 11. Rd1 c5 12. dxc5 Nxc5 13. Bf4 Qd7 14. Rd2
Qc6 15. Re1 Rad8 16. Qf1 dxe5 17. Nxe5 Qb6 18. Red1 Rxd2 19. Rxd2 Rd8 20.
Rxd8+ Bxd8 21. Qd1 Qd6 22. Qe2 f6 23. b4 Ne4 24. Nxe4 Bxe4 25. c5 Qd4 26.
Ng4 Qa1+ 27. Qf1 Qxf1+ 28. Kxf1 h5 29. Ne3 g5 30. Bg3 h4 31. f3 Bd3+ 32. Kf2
hxg3+ 33. hxg3 {White resigns} 0-1

[Event "ICCopen2017"]
[Site "Internet Chess Club"]
[Date "2017.03.25"]
[Round "11"]
[White "Tasmaniandevil"]
[Black "iliketal"]
[Result "1-0"]
[ICCResult "Black checkmated"]
[WhiteElo "2035"]
[BlackElo "1712"]
[Opening "Sicilian: Smith-Morra gambit"]
[ECO "B21"]
[NIC "SI.48"]
[Time "16:09:33"]
[TimeControl "180+0"]

1. e4 c5 2. d4 cxd4 3. c3 dxc3 4. Nxc3 Nc6 5. Nf3 d6 6. Bc4 e6 7. O-O a6 8.
Qe2 Bd7 9. Rd1 Be7 10. Bf4 e5 11. Be3 Nf6 12. Rac1 O-O 13. a3 Rc8 14. b4 b5
15. Bb3 Bg4 16. h3 Bh5 17. g4 Bg6 18. Nh4 Bxe4 19. g5 Nd4 20. Bxd4 exd4 21.
Nxe4 Nxe4 22. Qxe4 Rxc1 23. Rxc1 Bxg5 24. Rc6 Bxh4 25. Rxa6 Qg5+ 26. Qg4
Qc1+ 27. Kg2 Be7 28. Ra7 Bf6 29. Rxf7 Qc3 30. Rxg7+ Kh8 31. Rg8+ Rxg8 32.
Qxg8# {Black checkmated} 1-0

[Event "ICCopen2017"]
[Site "Internet Chess Club"]
[Date "2017.03.25"]
[Round "11"]
[White "playwaycool"]
[Black "TerryR"]
[Result "0-1"]
[ICCResult "White resigns"]
[WhiteElo "2244"]
[BlackElo "2292"]
[Opening "Queen's pawn game, Zukertort variation"]
[ECO "A40"]
[NIC "QO.17"]
[Time "16:09:15"]
[TimeControl "180+0"]

1. d4 e6 2. Nf3 Nf6 3. Nbd2 d5 4. e3 c5 5. b3 Nc6 6. a3 cxd4 7. exd4 Bd6 8.
Bd3 e5 9. dxe5 Nxe5 10. Bb2 Nxd3+ 11. cxd3 Qe7+ 12. Qe2 Qxe2+ 13. Kxe2 O-O
14. Bxf6 gxf6 15. Rhe1 Bf5 16. d4 Rac8 17. Kf1 Rc2 18. Rec1 Rfc8 19. Rxc2
Rxc2 20. g3 Bh3+ 21. Ke2 Bg4 22. Kd3 Rc7 23. Nh4 Kf8 24. b4 Bd7 25. Nb3 Ba4
26. Nc5 Bb5+ 27. Kd2 b6 28. Nb3 Ba4 29. Nc1 Rc2+ 30. Ke3 a5 31. bxa5 bxa5
32. Nd3 Rc3 33. Nf5 Bxa3 34. Kd2 Rc2+ 35. Ke3 Rc3 36. Kd2 Rb3 37. Nc5 Bb4+
38. Kc1 Rc3+ 39. Kb2 Rc2+ 40. Kb1 Rxf2 41. g4 Bc2+ 42. Kc1 Bxf5 43. gxf5
Rf1+ 44. Kb2 Bc3+ 45. Kxc3 Rxa1 46. Nd7+ Ke7 47. Nb6 Kd6 48. Nc8+ Kd7 49.
Nb6+ Kc6 50. Nc8 Rh1 51. Ne7+ Kd6 52. Ng8 Rxh2 53. Nxf6 Rf2 54. Nxh7 Rxf5
55. Nf8 Ke7 56. Nh7 Rh5 57. Nf6 Kxf6 58. Kb3 Kf5 59. Ka4 Ke4 60. Kxa5 Kxd4
61. Kb4 f5 62. Kb3 f4 63. Kc2 Ke3 64. Kc3 d4+ 65. Kc2 Rh2+ 66. Kd1 d3 67.
Kc1 Rc2+ 68. Kb1 f3 {White resigns} 0-1

[Event "ICCopen2017"]
[Site "Internet Chess Club"]
[Date "2017.03.25"]
[Round "11"]
[White "minchadad"]
[Black "OTBB"]
[Result "0-1"]
[ICCResult "White resigns"]
[WhiteElo "1395"]
[BlackElo "1588"]
[Opening "French: advance variation"]
[ECO "C02"]
[NIC "FR.03"]
[Time "16:08:51"]
[TimeControl "180+0"]

1. e4 e6 2. d4 d5 3. e5 c5 4. c3 Qb6 5. Nf3 Nc6 6. a4 a6 7. Bd3 cxd4 8. cxd4
Bd7 9. Be2 Nb4 10. O-O Rc8 11. Nc3 Ne7 12. a5 Qa7 13. Bd2 Nf5 14. Be3 Be7
15. Na4 Bxa4 16. Rxa4 O-O 17. Bd2 Nc2 18. Bc3 b5 19. Qxc2 bxa4 20. Qxa4 Rc7
21. Qb4 Bxb4 {White resigns} 0-1